 Dungeon Crawl Stone Soup version 0.29-a0-393-g47a863cc1b (webtiles) character file.

Game seed: 18183810505914209284

39 swappor the Chopper (level 3, -3/33 HPs)
             Began as a Minotaur Berserker on May 9, 2022.
             Was a Follower of Trog.
             Slain by a gnoll
             ... wielding a +0 flail
              (11 damage)
             ... on level 2 of the Dungeon.
             The game lasted 00:06:15 (2138 turns).

swappor the Chopper (Minotaur Berserker)            Turns: 2138, Time: 00:06:15

Health: -3/33      AC:  2    Str: 21    XL:     3   Next: 26%
Magic:  2/2        EV: 12    Int:  6    God:    Trog [*.....]
Gold:   119        SH:  0    Dex:  9    Spells: 2/2 levels left

rFire   . . .      SeeInvis .   a - +0 hand axe
rCold   . . .      Faith    .   (no shield)
rNeg    . . .      Spirit   .   b - +0 animal skin
rPois   .          Reflect  .   (helmet restricted)
rElec   .          Harm     .   (no cloak)
rCorr   .          Rampage  .   (no gloves)
Will    .....                   (no boots)
Stlth   +.........              (no amulet)
HPRegen 0.11/turn               (no ring)
MPRegen 0.08/turn               (no ring)

@: no status effects
A: horns 2, retaliatory headbutt
a: Renounce Religion, Berserk


You were on level 2 of the Dungeon.
You worshipped Trog.
Trog was aware of your devotion.
You visited 1 branch of the dungeon, and saw 2 of its levels.

You collected 119 gold pieces.

Inventory:

Hand Weapons
 a - a +0 hand axe (weapon)
Missiles
 s - 4 stones (quivered)
Armour
 b - a +0 animal skin (worn)
 f - a +0 pair of boots
   (You found it on level 1 of the Dungeon)
Jewellery
 h - an amulet of the acrobat
   (You found it on level 1 of the Dungeon)
Scrolls
 c - a scroll of magic mapping {unknown}
 k - a scroll of enchant weapon {unknown}
Potions
 d - a potion of cancellation {unknown}
 e - 2 potions of heal wounds {unknown}
 g - 2 potions of might {unknown}
 i - a potion of invisibility {unknown}
 j - a potion of lignification {unknown}


   Skills:
 - Level 3.7 Fighting
 + Level 5.0 Axes
 - Level 2.6 Armour
 - Level 2.3 Dodging


You had 2 spell levels left.
You didn't know any spells.
Your spell library was empty.

Dungeon Overview and Level Annotations

Branches:
Dungeon (2/15)

Altars:

Shops:
D:1 [


Innate Abilities, Weirdness & Mutations

You have a pair of horns on your head.
You reflexively headbutt those who attack you in melee.


Message History

Trog accepts your kill.
A gnoll is nearby!
You closely miss the gnoll. You headbutt the gnoll.
The gnoll hits you with a +0 whip.
You take 3 damage, and have 22/27 hp.
You barely miss the gnoll. The gnoll barely misses you.
You closely miss the gnoll. The gnoll barely misses you.
You hit the gnoll. Your headbutt misses the gnoll. The gnoll barely misses you.
You furiously retaliate!
You headbutt the gnoll. You barely miss the gnoll. You headbutt the gnoll.
You kill the gnoll!
Trog accepts your kill.
Your Axes skill increases to level 5!
You have reached level 3!
Your experience leads to an increase in your attributes!
Increase (s)trength, (i)ntelligence, or (d)exterity?
You feel clever. x2
You regained 6 hp, and now have 28/33 hp.
MP restored: 2 A hobgoblin comes into view.
A hobgoblin is nearby!
A hobgoblin is nearby!
You throw a stone. The stone closely misses the hobgoblin.
The hobgoblin shouts!
You throw a stone. The stone closely misses the hobgoblin.
You throw a stone. The stone barely misses the hobgoblin.
You throw a stone.
The stone hits the hobgoblin but does no damage.
You throw a stone.
The stone hits the hobgoblin but does no damage.
You hit the hobgoblin. The hobgoblin hits you.
A hobgoblin is nearby!
A hobgoblin is nearby!
You hit the hobgoblin but do no damage. The hobgoblin hits you.
You take 3 damage, and have 25/33 hp.
You barely miss the hobgoblin. The hobgoblin barely misses you.
You hit the hobgoblin.
You kill the hobgoblin!
Trog accepts your kill.
No target in view!
A hobgoblin is nearby!
A hobgoblin is nearby!
A hobgoblin is nearby!
You throw a stone. The hobgoblin shouts!
The stone hits the hobgoblin but does no damage.
You throw a stone. The stone hits the hobgoblin.
The hobgoblin barely misses you.
You closely miss the hobgoblin. Your headbutt misses the hobgoblin.
The hobgoblin barely misses you.
You hit the hobgoblin.
You kill the hobgoblin!
Trog accepts your kill.
No target in view!
No target in view!
k - a scroll labelled BOSTRO DESAGIJI You see here a quokka corpse.
Health restored: 33
s - 2 stones
s - 4 stones (gained 2)
s - 6 stones (gained 2)
s - 7 stones (gained 1)
s - 8 stones (gained 1)
s - 11 stones (gained 3)
A ball python comes into view.
You see here a stone.
A ball python is nearby!
You throw a stone. The ball python hisses angrily.
The stone hits the ball python but does no damage.
A gnoll comes into view. It is wielding a +0 flail.
You throw a stone. The stone hits the ball python.
You throw a stone. The stone hits the ball python.
You kill the ball python!
Trog accepts your kill.
A gnoll comes into view. It is wielding a +0 flail.
You throw a stone. The stone barely misses the gnoll.
The gnoll shouts!
You throw a stone. The stone hits the gnoll.
You throw a stone. The stone hits the gnoll.
You throw a stone. The stone hits the gnoll.
You barely miss the gnoll. The gnoll hits you with a +0 flail!
You take 14 damage, and have 19/33 hp.
MASSIVE DAMAGE!!
You are too injured to fight recklessly!
You are too injured to fight recklessly!
You are too injured to fight recklessly!
You are too injured to fight recklessly!
You are too injured to fight recklessly!
You are too injured to fight recklessly!
You are too injured to fight recklessly!
You are too injured to fight recklessly!
You hit the gnoll. The gnoll hits you with a +0 flail!
You take 7 damage, and have 12/33 hp.
MASSIVE DAMAGE!!
You hit the gnoll. You barely miss the gnoll.
The gnoll hits you with a +0 flail.
* * * LOW HITPOINT WARNING * * *
The gnoll hits you with a +0 flail!
You die...

#######.####..#.
.................
..####..###..#.
................
....####..##..## ..
#..##..# #
((.####...#..##(###
##.(..........(....
....((g@.†..†##.#
......g.)..#.# #
.......(†....##.#.#
.....((#...........
....#######).##.#. ..
!............# .#.#..
.....#####...##.#....
.. #####...##.#.#.###
........##........


You could see 2 gnolls.

Vanquished Creatures
  A gnoll (D:2)
  A dart slug (D:1)
  2 bats
  3 endoplasms (D:1)
  A giant cockroach (D:1)
  5 goblins
  2 hobgoblins (D:2)
  4 kobolds (D:1)
  A quokka (D:2)
  A ball python (D:2)
  2 frilled lizards (D:1)
  2 rats (D:2)
25 creatures vanquished.

Notes
Turn   | Place    | Note
-------+----------+-------------------------------------------
     0 | D:1      | swappor the Minotaur Berserker began the quest for the Orb.
     0 | D:1      | Reached XP level 1. HP: 19/19 MP: 0/0
   286 | D:1      | Reached skill level 4 in Axes
   286 | D:1      | Reached XP level 2. HP: 20/27 MP: 1/1
   407 | D:1      | Found Qaseh's Antique Armour Boutique.
  2027 | D:2      | Reached skill level 5 in Axes
  2027 | D:2      | Reached XP level 3. HP: 28/33 MP: 2/2
  2138 | D:2      | HP: 8/33 [gnoll/+0 flail (4)]
  2138 | D:2      | Slain by a gnoll

Illustrated notes

Levels and vault maps discovered:
D:1:      lightli_molten_gateway, layout_loops_ring, serial_shops, shop_coins,
          serial_rivers, chequers_serial_rivers_micro_e,
          chequers_serial_rivers_marsh, chequers_serial_rivers_small_a,
          chequers_serial_rivers_micro_c, chequers_serial_rivers_marsh,
          chequers_serial_rivers_micro_e, grunt_decor_mini_mirrors
D:2:      layout_basic, serial_shops, nicolae_shop_behind_doors, basic_altar

Skill      XL: |  1  2 |
---------------+-------+-----
Axes           | 4 5 |  5.0
Fighting       | |  3.7
Armour         | |  2.6
Dodging        | |  2.3

Action                   || total
-------------------------++-------
Melee: Hand axe          ||    53
       Headbutt          ||    12
       Punch             ||     1
Throw: Stone             ||    49
 Stab: Sleeping          ||     1
Armor: Animal skin       ||     6
Dodge: Dodged            ||    25

Table legend: (Time is in decaauts)
 A = Elapsed time spent in this place.
 B = Non-inter-level travel time spent in this place.
 C = Inter-level travel time spent in this place.
 D = Time resting spent in this place.
 E = Time spent auto-exploring this place.
 F = Levels seen in this place.
 G = Mean time per level.
                   A        B        C        D        E       F      G
               +--------+--------+--------+--------+--------+-----+--------+
         Total |   2160 |   1980 |    180 |      0 |   1139 |   2 | 1080.0 |
       Dungeon |   2160 |   1980 |    180 |      0 |   1139 |   2 | 1080.0 |
               +--------+--------+--------+--------+--------+-----+--------+

Top non-repeatable levels by time:
     D:1: 1970 daAuts
     D:2: 190 daAuts

Table legend:
 A = Kills in this place as a percentage of kills in entire the game.
 B = Kills by you in this place as a percentage of kills by you in the entire game.
 C = Kills by friends in this place as a percentage of kills by friends in the entire game.
 D = Other kills in this place as a percentage of other kills in the entire game.
 E = Experience gained in this place as a percentage of experience gained in the entire game.
 F = Experience gained in this place divided by the number of levels of this place that you have seen.
                   A       B       C       D       E      F
               +-------+-------+-------+-------+-------+----------------------
         Total | 100.0 | 100.0 |   N/A |   N/A | 100.0 |  28.0
       Dungeon | 100.0 | 100.0 |   N/A |   N/A | 100.0 |  28.0
               +-------+-------+-------+-------+-------+----------------------
